 Dungeon Crawl Stone Soup version 0.30-a0-219-gf2db51d15e (webtiles) character file.

Game seed: 12357914119313746649

261 Morbidden the Conjurer (level 5, -7/29 HPs)
             Began as a Deep Elf Conjurer on Oct 6, 2022.
             Splashed by a jelly's acid (9 damage)
             ... on level 4 of the Dungeon.
             The game lasted 00:02:47 (3739 turns).

Morbidden the Conjurer (Deep Elf Conjurer)          Turns: 3739, Time: 00:02:48

Health: -7/29      AC:  3    Str:  4    XL:     5   Next: 96%
Magic:  3/14       EV: 13    Int: 25    God:
Gold:   170        SH:  0    Dex: 13    Spells: 7/14 levels left

rFire   . . .      SeeInvis .    (no weapon)
rCold   . . .      Faith    .    (no shield)
rNeg    + . .      Spirit   .    a - +0 robe
rPois   .          Reflect  .    (no helmet)
rElec   .          Harm     .    j - +0 cloak
rCorr   .          Rampage  .    (no gloves)
Will    .....                    (no boots)
Stlth   ++........               (no amulet)
HPRegen 0.24/turn                i - ring of positive energy
MPRegen 0.14/turn                (no ring)

@: very slightly contaminated
A: no striking features
a: no special abilities


You were on level 4 of the Dungeon.
You visited 1 branch of the dungeon, and saw 4 of its levels.

You collected 170 gold pieces.

Inventory:

Armour
 a - a +0 robe (worn)
 j - a +0 cloak (worn)
 n - the +0 plate armour of the Supporting Gods {Harm +Blink MP+9 Str+4}
   (You found it on level 3 of the Dungeon)

   Str:       It affects your strength (+4).
   MP:        It affects your magic capacity (+9).
   +Blink:    It lets you blink.
   Harm:      It increases damage dealt and taken.
Jewellery
 i - a ring of positive energy (left hand)
 k - a ring of ice
Wands
 p - a wand of iceblast (11)
Scrolls
 c - 4 scrolls of identify {unknown}
 d - a scroll of poison {unknown}
 f - a scroll of butterflies {unknown}
 h - a scroll of teleportation {unknown}
 m - a scroll of magic mapping {unknown}
Potions
 b - a potion of magic
 e - a potion of attraction {unknown}
 g - a potion of ambrosia {unknown}
 l - a potion of lignification {unknown}
 q - 2 potions of degeneration {unknown}
 r - a potion of invisibility {unknown}
Miscellaneous
 o - a box of beasts


   Skills:
 * Level 1.5 Fighting
 * Level 1.0 Armour
 * Level 3.3 Dodging
 + Level 2.6 Stealth
 + Level 0.1 Unarmed Combat
 * Level 5.1 Spellcasting
 * Level 5.6 Conjurations
 * Level 1.3 Translocations


You had 7 spell levels left.
You knew the following spells:

 Your Spells              Type           Power      Damage    Failure   Level
a - Magic Dart            Conj           100%       1d8       1%          1
b - Searing Ray           Conj           68%        2d6       1%          2
c - Iskenderun's Mystic   Conj/Tloc      23%        2d6       19%         4

Your spell library contained the following spells:

 Spells                   Type           Power      Damage    Failure   Level
 Dazzling Flash           Conj/Hex       40%        N/A       8%          3
 Fulminant Prism          Conj/Hex       10%        3d9       26%         4


Dungeon Overview and Level Annotations

Branches:
Dungeon (4/15)
 Temple: D:4-7

Altars:

Annotations:
D:2 Sigmund
D:3 2 runed translucent doors, elmucho's ghost, weakling DrFE


Message History

The magic dart hits the jelly.
The jelly is moderately wounded.
The jelly closely misses you.
Unknown command.
Casting: Magic Dart (safe; 1% risk of failure)
Confirm with . or Enter, or press ? or * to list all spells.
Aiming: Magic Dart (safe; 1% risk of failure)
Press: ? - help, Shift-Dir - straight line, f/p - jelly
Aim: a jelly (moderately wounded, 100% to hit)
You miscast Magic Dart.
Nothing appears to happen.
The jelly barely misses you.
Casting: Magic Dart (safe; 1% risk of failure)
Confirm with . or Enter, or press ? or * to list all spells.
Aiming: Magic Dart (safe; 1% risk of failure)
Press: ? - help, Shift-Dir - straight line, f/p - jelly
Aim: a jelly (moderately wounded, 100% to hit)
The magic dart hits the jelly!
The jelly is heavily wounded.
The jelly hits you.
You are splashed with acid!
Casting: Magic Dart (safe; 1% risk of failure)
Confirm with . or Enter, or press ? or * to list all spells.
Aiming: Magic Dart (safe; 1% risk of failure)
Press: ? - help, Shift-Dir - straight line, f/p - jelly
Aim: a jelly (heavily wounded, 100% to hit)
The magic dart hits the jelly.
The jelly is heavily wounded.
The jelly hits you.
You are splashed with acid!
* * * LOW HITPOINT WARNING * * *
Unknown command.
Casting: Magic Dart (safe; 1% risk of failure)
Confirm with . or Enter, or press ? or * to list all spells.
Aiming: Searing Ray (safe; 1% risk of failure)
Press: ? - help, Shift-Dir - straight line, f/p - jelly
Aim: a jelly (heavily wounded, 100% to hit)
The searing ray hits the jelly!
The jelly is severely wounded. (Press . to maintain the ray.)
The jelly hits you.
* * * LOW HITPOINT WARNING * * *
You are splashed with acid!
You die...

#>.##....# ....
......##........#
...
#(....#.........#
#.....#...#######
#.....#...##
#....##...#
.##.... #..##
......J##.♣♣
.......@.♣P......
.♣♣♣.♣.#♣P.P♣##+#
... P.♣ ...P.


.PP P!...♣. .~~. .P♣PP♣# ~~~~♣ . ♣ P~~P♣ .♣ You could see a jelly.

Vanquished Creatures
  A hound (D:4)
  An iguana (D:4)
  Ijyb (D:4)
  3 gnolls (D:4)
  6 adders
  3 worms
  3 dart slugs
  2 orcs (D:3)
  10 ball pythons
  4 bats
  5 endoplasms
  7 giant cockroaches
  8 goblins
  4 hobgoblins
  9 kobolds
  5 quokkas
  5 frilled lizards
  4 rats
81 creatures vanquished.

Vanquished Creatures (others)
  3 plants (D:4)
3 creatures vanquished.

Grand Total: 84 creatures vanquished

Notes
Turn   | Place    | Note
-------+----------+-------------------------------------------
     0 | D:1      | Morbidden the Deep Elf Conjurer began the quest for the
                  | Orb.
     0 | D:1      | Reached XP level 1. HP: 10/10 MP: 6/6
   210 | D:1      | Reached XP level 2. HP: 15/15 MP: 5/8
   932 | D:1      | Learned a level 2 spell: Searing Ray
  1044 | D:2      | Found a faded altar of an unknown god.
  1126 | D:2      | Reached XP level 3. HP: 18/19 MP: 6/9
  1557 | D:2      | Reached skill level 5 in Conjurations
  1585 | D:2      | Noticed Sigmund
  1872 | D:3      | Found a large runed translucent door.
  1872 | D:3      | Found a large runed translucent door.
  1876 | D:3      | Noticed elmucho's ghost (weakling DrFE)
  2065 | D:3      | Reached XP level 4. HP: 24/24 MP: 9/11
  2067 | D:3      | Identified the +0 plate armour of the Supporting Gods {Harm
                  | +Blink MP+9 Str+4}
  2887 | D:3      | Learned a level 4 spell: Iskenderun's Mystic Blast
  3200 | D:4      | Reached skill level 1 in Fighting
  3238 | D:4      | Noticed Ijyb
  3244 | D:4      | Reached XP level 5. HP: 23/29 MP: 4/13
  3246 | D:4      | Killed Ijyb
  3247 | D:4      | Reached skill level 1 in Armour
  3573 | D:4      | Reached skill level 5 in Spellcasting
  3575 | D:4      | Reached skill level 1 in Translocations
  3739 | D:4      | Splashed by a jelly's acid

Illustrated notes

Levels and vault maps discovered:
D:1:      dpeg_arrival_rhombi, layout_loops_cross
D:2:      layout_basic, chequers_ecumenical_altar_simple, uniq_sigmund
D:3:      minmay_octagon_keep, layout_loops_corners,
          ebering_ghost_disaster_area, kennysheep_generic_room_4
D:4:      layout_gridville, minmay_temple_entry_statues, gammafunk_ghost_smash,
          serial_forest, infiniplex_forest_diagonal,
          infiniplex_forest_straight_2, infiniplex_forest_end_1,
          infiniplex_forest_straight_3, infiniplex_forest_pool,
          infiniplex_forest_lined_3, infiniplex_forest_straight_5,
          infiniplex_forest_straight_2, minmay_statues_item,
          saegor_snake_ambush, uniq_ijyb

Skill      XL: |  1  2  3  4  5 |
---------------+----------------+-----
Conjurations   | 5 |  5.6
Spellcasting   | 4 5 |  5.1
Dodging        | 3 |  3.3
Fighting       | 1 |  1.5
Armour         | 1 |  1.0
Translocations | 1 |  1.3
Stealth        | |  2.6
Unarmed Combat | |  0.1

Action                   |  1- 3 |  4- 6 || total
-------------------------+-------+-------++-------
Melee: Unarmed           |     2 |       ||     2
 Cast: Magic Dart        |    79 |    91 ||   170
       Searing Ray       |     2 |     5 ||     7
Armor: Robe              |     3 |     2 ||     5
Dodge: Dodged            |     9 |    15 ||    24

Table legend: (Time is in decaauts)
 A = Elapsed time spent in this place.
 B = Non-inter-level travel time spent in this place.
 C = Inter-level travel time spent in this place.
 D = Time resting spent in this place.
 E = Time spent auto-exploring this place.
 F = Levels seen in this place.
 G = Mean time per level.
                   A        B        C        D        E       F      G
               +--------+--------+--------+--------+--------+-----+--------+
         Total |   3751 |   3698 |     53 |    249 |   3080 |   4 |  937.8 |
       Dungeon |   3751 |   3698 |     53 |    249 |   3080 |   4 |  937.8 |
               +--------+--------+--------+--------+--------+-----+--------+

Top non-repeatable levels by time:
     D:3: 1682 daAuts
     D:1: 970 daAuts
     D:2: 629 daAuts
     D:4: 468 daAuts
